 Dungeon Crawl Stone Soup version 0.28.0-56-g4927b6849a (webtiles) character file.

Game seed: 8300775963956787624

27503 cbfl8 the Severer (level 13, -18/118 HPs)
             Began as a Minotaur Berserker on Jan 25, 2023.
             Was a High Priest of Trog.
             Demolished by Rupert
             ... wielding a +0 battleaxe of flaming
              (24 damage)
             ... on level 13 of the Dungeon.
             The game lasted 00:25:58 (13603 turns).

cbfl8 the Severer (Minotaur Berserker)             Turns: 13603, Time: 00:25:59

Health: -18/118    AC: 19    Str: 22    XL:     13   Next: 4%
Magic:  13/13      EV: 13    Int:  6    God:    Trog [*****.]
Gold:   563        SH:  0    Dex: 21    Spells: 12/12 levels left

rFire   . . .      SeeInvis .   s - +0 battleaxe (elec)
rCold   . . .      Faith    +   (shield currently unavailable)
rNeg    . . .      Spirit   .   t - +2 chain mail {rPois}
rPois   +          Reflect  .   h - +2 hat
rElec   .          Harm     .   y - scarf {repulsion}
rCorr   .          Rampage  +   f - +0 pair of gloves
Will    .....      Rnd*Tele +   L - +1 pair of boots of Hospitality {Rampage Drain Int+2}
Stlth   ..........              p - amulet of faith
HPRegen 0.29/turn               M - +6 ring of dexterity
MPRegen 0.13/turn               G - +4 ring of slaying

@: about to teleport, on berserk cooldown, slowed, repel missiles, very slow
A: horns 2, retaliatory headbutt, teleportitis 1
a: Renounce Religion, Berserk, Trog's Hand, Brothers in Arms


You were on level 13 of the Dungeon.
You worshipped Trog.
Trog was extremely pleased with you.
You visited 1 branch of the dungeon, and saw 13 of its levels.
You also visited: Bailey.

You collected 660 gold pieces.
You spent 97 gold pieces at shops.

Inventory:

Hand Weapons
 s - a +0 battleaxe of electrocution (weapon)
Missiles
 q - 3 throwing nets
Armour
 f - a +0 pair of gloves (worn)
 h - a +2 hat (worn)
 t - a +2 chain mail of poison resistance (worn)
 y - a scarf of repulsion (worn)
 L - the +1 pair of boots of Hospitality (worn) {Rampage Drain Int+2}
   (You found it on level 9 of the Dungeon)

   Int:       It affects your intelligence (+2).
   Drain:     It drains your maximum health when unequipped.
   Rampage:   It bestows one free step when moving towards enemies.
Jewellery
 a - a ring of see invisible
 l - a ring of protection from cold
 p - an amulet of faith (around neck)
 w - a ring of positive energy
 G - a +4 ring of slaying (right hand)
 M - a +6 ring of dexterity (left hand)
Wands
 b - a wand of flame (6)
 J - a wand of acid (1) (quivered)
Scrolls
 c - 3 scrolls of acquirement
 g - a scroll of vulnerability {unknown}
 j - 4 scrolls of immolation
 u - 3 scrolls of enchant armour
 z - 2 scrolls of summoning
 A - 2 scrolls of noise
 B - a scroll of fog {unknown}
 D - 2 scrolls of enchant weapon
 E - a scroll of fear
 H - 2 scrolls of magic mapping
 K - 2 scrolls of teleportation
Potions
 d - 6 potions of mutation
 e - 5 potions of curing
 i - 4 potions of heal wounds
 k - a potion of might {unknown}
 m - 2 potions of flight {unknown}
 n - 6 potions of lignification
 r - a potion of attraction {unknown}
 v - a potion of berserk rage
 x - a potion of haste {unknown}
 F - 5 potions of degeneration {unknown}
Miscellaneous
 o - a tin of tremorstones (2/2)


   Skills:
 * Level 12.0 Fighting
 - Level 2.2 Long Blades
 * Level 15.6 Axes
 - Level 2.2 Staves
 - Level 3.8 Bows
 + Level 9.6 Armour
 * Level 8.6 Dodging
 + Level 3.6 Stealth
 - Level 2.2 Shields
 - Level 1.8 Invocations
 * Level 7.6 Evocations


You had 12 spell levels left.
You didn't know any spells.
Your spell library was empty.

Dungeon Overview and Level Annotations

Branches:
Dungeon (13/15)            Temple (0/1) D:5            Lair (0/6) D:8
    Orc (0/2) D:10         Bailey (visited)
 Vaults: D:13-14

Altars:
Ashenzari
Okawaru
Qazlal
Trog
The Shining One

Shops:
D:8 (   D:10 ?   D:11 *

Annotations:
D:12 Azrael, Nessos
D:13 Rupert


Innate Abilities, Weirdness & Mutations

You have a pair of horns on your head.
You reflexively headbutt those who attack you in melee.
You are occasionally teleported next to monsters.


Message History

Rupert hits you with a +0 battleaxe of flaming!
Rupert burns you.
You can move again.
A red film seems to cover your vision as you go berserk!
You feel yourself moving faster!
You feel mighty!
Rupert hits you with a +0 battleaxe of flaming!!
Rupert burns you!
Rupert hits you with a +0 battleaxe of flaming!!
Rupert burns you.
You slash Rupert!
Rupert is lightly wounded.
Rupert hits you with a +0 battleaxe of flaming!
* * * LOW HITPOINT WARNING * * *
Rupert burns you!
* * * LOW HITPOINT WARNING * * *
You completely miss Rupert. You headbutt Rupert!
Rupert is lightly wounded.
Rupert hits you with a +0 battleaxe of flaming!!
* * * LOW HITPOINT WARNING * * *
Rupert burns you.
* * * LOW HITPOINT WARNING * * *
You slice Rupert!!
Rupert is moderately wounded.
Rupert hits you with a +0 battleaxe of flaming!
* * * LOW HITPOINT WARNING * * *
Rupert burns you.
* * * LOW HITPOINT WARNING * * *
You feel a strong urge to attack something.
Rupert rages.
There is an open door here.
Unknown command.
You feel your anger nearly subside.
You are no longer berserk.
You are exhausted.
You feel yourself slow down.
Okay, then.
Okay, then.
As you read the scroll of teleportation, it crumbles to dust.
You feel strangely unstable.
Rupert hits you with a +0 battleaxe of flaming!!
You die...

####+##### ##+######
####...>.....
#.......###..'.........
#(......##..##.........
+.......##.###.........
#.......@@.# #.........
#.......#### #.<.......
#.......# #.........
######### ##########


You could see Rupert (berserk).

Vanquished Creatures
  Harold (D:11)
  3 two-headed ogres (D:9)
  Urug (D:11)
  Pikel (D:9)
  Joseph (D:8)
  A gargoyle (Bailey)
  Psyche (D:11)
  An unseen horror (D:10)
  A kobold demonologist (D:11)
  3 trolls
  A hornet (D:7)
  Prince Ribbit (D:5)
  6 slime creatures (D:13)
  7 yaks
  A shadow (D:9)
  A vampire (D:9)
  2 wraiths (D:11)
  3 wyverns (D:8)
  Grum (D:8)
  2 vampire mosquitoes
  A steam dragon (D:9)
  Menkaure (D:5)
  An acid dragon (D:10)
  Edmund (D:6)
  3 water moccasins
  2 ice beasts
  5 orc warriors
  A sky beast (D:6)
  6 black bears
  An ogre (D:6)
  2 necrophages
  A centaur (D:6)
  5 wolves (D:8)
  2 lemures (D:9)
  A kobold brigand (D:7)
  Blork the orc (D:6)
  A gnoll sergeant (D:8)
  7 bullfrogs
  A scorpion (D:8)
  7 vampire bats (Bailey)
  6 killer bees (D:9)
  13 wights
  6 howler monkeys
  3 wolf zombies (Bailey)
  A bullfrog zombie (D:6)
  5 centaur zombies
  2 hounds
  3 orc priests
  A bullfrog skeleton (D:6)
  A jelly (D:7)
  2 gnoll shamans
  3 iguanas
  Natasha (D:3)
  10 orc wizards
  A howler monkey zombie (D:11)
  11 gnolls
  A howler monkey skeleton (D:5)
  5 adders
  2 white imps
  An ufetubus (D:5)
  An adder zombie (D:5)
  3 dart slugs
  25 orcs
  6 bats
  5 endoplasms
  6 giant cockroaches
  3 goblins
  8 hobgoblins
  7 jackals
  9 kobolds
  5 quokkas
  6 ball pythons
  3 frilled lizards
  16 orc zombies (Bailey)
  6 rats
276 creatures vanquished.

Vanquished Creatures (collateral kills)
  A vampire (Bailey)
1 creature vanquished.

Vanquished Creatures (others)
  An orc (D:12)
  3 fungi (D:8)
  12 plants (D:8)
16 creatures vanquished.

Grand Total: 293 creatures vanquished

Notes
Turn   | Place    | Note
-------+----------+-------------------------------------------
     0 | D:1      | cbfl8 the Minotaur Berserker began the quest for the Orb.
     0 | D:1      | Reached XP level 1. HP: 19/19 MP: 0/0
    83 | D:1      | Reached XP level 2. HP: 24/27 MP: 1/1
    84 | D:1      | Reached skill level 4 in Axes
   261 | D:1      | Found a faded altar of an unknown god.
   450 | D:1      | Reached ** piety under Trog
   487 | D:1      | Reached XP level 3. HP: 29/33 MP: 2/2
  1615 | D:2      | Identified the +1 robe of Mysticism {rF+ rC- rN++ SInv}
  1639 | D:2      | Reached XP level 4. HP: 41/41 MP: 3/3
  2071 | D:3      | Reached skill level 5 in Axes
  2538 | D:3      | Noticed Natasha
  2542 | D:3      | Killed Natasha
  2652 | D:3      | Found a broken altar of Ashenzari.
  2652 | D:3      | Found a stormy altar of Qazlal.
  2727 | D:4      | Reached XP level 5. HP: 47/47 MP: 4/4
  2745 | D:4      | Found a glowing golden altar of the Shining One.
  2801 | D:4      | Reached skill level 5 in Fighting
  3314 | D:4      | Noticed a necrophage
  3503 | D:4      | Reached *** piety under Trog
  3509 | D:4      | Killed a necrophage
  3510 | D:4      | Reached skill level 6 in Axes
  3510 | D:4      | Reached skill level 1 in Evocations
  3585 | D:4      | Reached XP level 6. HP: 56/56 MP: 5/5
  3897 | D:5      | Entered Level 5 of the Dungeon
  4108 | D:5      | Reached skill level 7 in Axes
  4127 | D:5      | Noticed Menkaure
  4132 | D:5      | Killed Menkaure
  4133 | D:5      | Reached XP level 7. HP: 62/62 MP: 6/6
  4189 | D:5      | Noticed Prince Ribbit
  4198 | D:5      | Killed Prince Ribbit
  4199 | D:5      | Reached skill level 8 in Axes
  4544 | D:5      | Found a staircase to the Ecumenical Temple.
  4792 | D:6      | Noticed Blork the orc
  4799 | D:6      | Killed Blork the orc
  4800 | D:6      | Reached XP level 8. HP: 70/70 MP: 7/7
  4900 | D:6      | Noticed Edmund
  4907 | D:6      | Reached skill level 9 in Axes
  4909 | D:6      | Killed Edmund
  4909 | D:6      | Reached **** piety under Trog
  5099 | D:6      | Reached skill level 5 in Armour
  5219 | D:6      | Reached skill level 10 in Axes
  5777 | D:7      | Noticed a seven-headed hydra
  5811 | D:6      | Reached skill level 5 in Dodging
  5811 | D:6      | Reached XP level 9. HP: 68/79 MP: 8/8
  6140 | D:7      | Reached skill level 11 in Axes
  6270 | D:7      | Found a flagged portal.
  6284 | Bailey   | Entered a bailey
  6546 | Bailey   | Noticed a gargoyle
  6555 | Bailey   | Killed a gargoyle
  6661 | Bailey   | Reached skill level 12 in Axes
  6674 | Bailey   | Reached ***** piety under Trog
  6883 | Bailey   | Reached skill level 13 in Axes
  6883 | Bailey   | Reached skill level 5 in Evocations
  6883 | Bailey   | Reached XP level 10. HP: 79/93 MP: 9/9
  6892 | Bailey   | Reached XP level 11. HP: 60/99 MP: 10/10
  7223 | Bailey   | Reached skill level 10 in Fighting
  7223 | Bailey   | Reached skill level 1 in Invocations
  7223 | Bailey   | Reached XP level 12. HP: 108/108 MP: 10/12
  7237 | Bailey   | Identified the +2 chain mail "Otsoetwu" {Int+4}
  7558 | D:7      | Identified the +4 flail of Contention {speed, +Blink rN+
                  | Int-3}
  8429 | D:8      | Noticed Joseph
  8439 | D:8      | Killed Joseph
  8593 | D:8      | Found a staircase to the Lair.
  8814 | D:8      | Found Raosul's Antique Weapon Shop.
  8865 | D:8      | Reached skill level 14 in Axes
  8868 | D:8      | Received a gift from Trog
  9339 | D:8      | Noticed Grum
  9351 | D:8      | Killed Grum
  9470 | D:8      | Found an iron altar of Okawaru.
  9740 | D:9      | Noticed a two-headed ogre
  9746 | D:9      | Killed a two-headed ogre
 10148 | D:9      | Noticed a two-headed ogre
 10153 | D:9      | Killed a two-headed ogre
 10263 | D:9      | Noticed Pikel
 10271 | D:9      | Killed Pikel
 10441 | D:9      | Identified the +1 pair of boots of Hospitality {Rampage
                  | Drain Int+2}
 10443 | D:9      | Noticed a two-headed ogre
 10446 | D:9      | Killed a two-headed ogre
 11140 | D:10     | Entered Level 10 of the Dungeon
 11245 | D:10     | Found a staircase to the Orcish Mines.
 11318 | D:10     | Found Pebbivvi's Magic Scroll Emporium.
 11337 | D:10     | Bought a scroll of identify for 26 gold pieces
 11337 | D:10     | Bought a scroll of magic mapping for 45 gold pieces
 11337 | D:10     | Bought a scroll of identify for 26 gold pieces
 11337 | D:10     | Identified 3 scrolls of acquirement
 11575 | D:10     | Found a bloodstained altar of Trog.
 11766 | D:11     | Noticed Urug
 11774 | D:10     | Reached skill level 15 in Axes
 11835 | D:11     | Noticed Harold
 11840 | D:11     | Killed Harold
 11840 | D:11     | Received a gift from Trog
 11843 | D:11     | Gained mutation: You are occasionally teleported next to
                  | monsters. [a neqoxec]
 11866 | D:11     | Noticed Psyche
 11871 | D:11     | Killed Psyche
 11890 | D:11     | Killed Urug
 12437 | D:11     | Found Ecuh's General Store.
 12624 | D:12     | Noticed Azrael
 13005 | D:12     | Noticed Nessos
 13316 | D:13     | Reached XP level 13. HP: 100/118 MP: 13/13
 13588 | D:13     | Noticed Rupert
 13590 | D:13     | Paralysed by Rupert for 5 turns
 13598 | D:13     | HP: 7/177 [Rupert/+0 battleaxe of flaming (3)]
 13603 | D:13     | Demolished by Rupert

Illustrated notes

Levels and vault maps discovered:
D:1:      dpeg_arrival_court, layout_basic, chequers_ecumenical_altar_simple,
          minmay_pentomino_w4
D:2:      layout_basic
D:3:      layout_basic, amethyst_overflow_temple_binary, uniq_natasha
D:4:      layout_layer_cave, lemuel_tele_altar
D:5:      layout_rooms, minmay_temple_entry_fiery, kennysheep_donut,
          uniq_menkaure, uniq_prince_ribbit1
D:6:      layout_rooms, wad_rectangle_vault, uniq_edmund, uniq_blork_the_orc
D:7:      layout_cave_pools, enter_bailey_4
D:8:      layout_loops_ring, lemuel_coloured_pillars_altar,
          minmay_lair_entry_grove, serial_shops, nicolae_take_the_stairs,
          uniq_joseph, uniq_grum
D:9:      layout_loops_corners, uniq_pikel
D:10:     layout_rooms, lemuel_round_altar, orc_0_dummy, serial_shops,
          nicolae_shop_window_shopping, serial_corexii_hall,
          corexii_hall_statues_u, chequers_hall_statues_y
D:11:     layout_big_octagon, serial_shops, shop, uniq_psyche, uniq_harold,
          uniq_urug
D:12:     layout_rooms, grunt_dithmenos_smoke_and_mirrors, uniq_nessos,
          uniq_azrael
D:13:     layout_roguey, minivault_13, uniq_rupert

Skill      XL: |  1  2  3  4  5  6  7  8  9 10 11 12 |
---------------+-------------------------------------+-----
Axes           | 4 5 6 7 8 10 13 15 | 15.6
Fighting       | 4 5 6 7 9 10 12 | 12.0
Dodging        | 3 4 5 6 7 8 |  8.6
Armour         | 3 4 5 7 8 9 |  9.6
Evocations     | 1 2 5 6 7 |  7.6
Bows           | 3 |  3.8
Stealth        | 2 3 |  3.6
Long Blades    | 2 |  2.2
Staves         | 2 |  2.2
Shields        | 2 |  2.2
Invocations    | 1 |  1.8

Action                   |  1- 3 |  4- 6 |  7- 9 | 10-12 | 13-15 || total
-------------------------+-------+-------+-------+-------+-------++-------
Melee: Hand axe          |    62 |    87 |   177 |   106 |       ||   432
       Headbutt          |     8 |     9 |    45 |    45 |     2 ||   109
       Punch             |       |     1 |     1 |     1 |       ||     3
       Battleaxe         |       |       |       |   123 |     8 ||   131
Invok: Berserk           |     1 |     2 |     5 |     3 |     1 ||    12
Evoke: Wand              |       |       |       |     7 |       ||     7
  Use: Scroll            |       |       |     8 |    15 |     1 ||    24
       Potion            |       |       |     2 |     4 |       ||     6
Armor: Animal skin       |     4 |       |       |       |       ||     4
       Leather armour    |    24 |       |       |       |       ||    24
       Ring mail         |       |    34 |    33 |       |       ||    67
       Chain mail        |       |       |    55 |   102 |     4 ||   161
       Skin              |       |       |     9 |     3 |       ||    12
Dodge: Dodged            |    47 |    48 |   118 |   130 |     6 ||   349
       Repelled          |       |       |     1 |     1 |       ||     2
